 BcadrenCrawl: Boulder Brew version 0.05.31-16-g17090fb0d7 (webtiles) character file.

Game seed: 538514968444610075, levelgen mode: deterministic

1688 diana the Martial Artist (level 8, -7/57 HPs) Oozomorph Transmuter. Began on Sept 25, 2021. Mangled by a wight ... wielding a +2 great sword of freezing (13 damage) ... on level 3 of the Dungeon. The game lasted 00:10:08 (3787 turns).

diana the Martial Artist (Oozomorph Transmuter)     Turns: 3787, Time: 00:10:08

Health: -7/57      AC:  8    Str: 13    XL:     8 ^: 386
Magic:  11/11      EV: 15    Int: 14    God:
Gold:   197        SH:  0    Dex: 13    Spells: 10/11 levels left

rFire    . . .     Vision   .     - Unarmed
rCold    + . .     Gourm    .     - Unarmed
rNeg     . . .     Faith    .   a - +0 robe
rCorr    + + +     Spirit   .   d - +0 ring mail {rC+}
rPois    .         Reflect  .   q - +0 pair of gloves
rElec    .         Harm     .   (no armour)
MR       .....                  (no armour)
Stlth    +.........             p - +2 long sword
HPRegen  0.29/turn              (no amulet)
MPRegen  0.21/turn              j - ring of evasion
                                (no ring)

@: heavily drained
A: cytoplasmic subsumption, amorphous body, gelatinous body 1
a: Subsume Item, Eject Item


You were on level 3 of the Dungeon.
You were very hungry.

You visited 1 branch of the dungeon, and saw 4 of its levels.

You collected 197 gold pieces.

Inventory:

Weapons
 p - a +2 long sword (subsumed) Shields
 h - a +1 buckler of reflection
Armour
 a - a +0 robe (worn)
 d - a +0 ring mail of cold resistance (worn)
 q - a +0 pair of gloves (worn)
Jewellery
 j - a ring of evasion (left hand)
Wands
 n - a wand of iceblast (6)
Scrolls
 b - 2 scrolls of enchantment
 e - 2 scrolls of blinking
 g - 2 scrolls of fog
 i - a scroll of fear
Potions
 f - 3 potions of berserk rage
 k - a potion of amnesia
 l - a potion of cancellation
 m - a potion of cure mutation
 o - a potion of heal wounds
Comestibles
 c - 8 rations


   Skills:
 + Level 6.1(4.4) Fighting
 + Level 4.8(3.2) Dodging
 * Level 8.5(6.8) Unarmed Combat
 - Level 2.0(0.5) Spellcasting
 - Level 2.6(1.2) Transmutations


You had 10 spell levels left.
You knew the following spells:

 Your Spells              Type           Power        Failure   Level  Hunger
a - Beastly Appendage     Tmut           3 (50)       24%         1    33-53

Your spell library contained the following spells:

 Spells                   Type           Power        Failure   Level  Hunger
 Sticks to Snakes Tmut 3 (100) 36% 2 73-113 Scorpion Form Tmut/Pois 2 (200) 67% 3 113-173 Snakes to Sticks Hex/Tmut 2 (100) 67% 3 113-173 Ice Form Ice/Tmut 2 (100) 97% 4 193-293 Blade Hands Tmut           3 (200)      100%        5    313-473


Dungeon Overview and Level Annotations

Branches:
Dungeon (4/8)
 Temple: D:4

Altars:
Trog
Zin
The Shining One


Innate Abilities, Weirdness & Mutations

You may subsume any weapon, armour, or jewellery into your cytoplasm to benefit from its magical properties.
Your body is completely amorphous, allowing you to wear any combination of armour.
You have seven amorphous slots; replacing the normal gear slots.
Body armours and bardings take two slots, all other armours take one.
Your gelatinous form is immune to acid, constriction and sticky flames. (rCorr+, Slime)


Message History

There is a stone staircase leading up here.
The wight closely misses you (0).
You see here a +0 leather armour.
You hit the wight but do no damage. You barely miss the wight.
The wight is moderately damaged. (14/18) HP The wight closely misses you (0).
You closely miss the wight.
The wight ripostes.
The wight hits you with a +2 great sword of freezing (13)!
* * * LOW HITPOINT WARNING * * *
You feel drained.
* * * LOW HITPOINT WARNING * * *
The wight freezes you (1).
* * * LOW HITPOINT WARNING * * *
You hit the wight (2).
The wight is moderately damaged. (12/18) HP The wight closely misses you (0).
Things that are here:
a +1 short sword of chaos; a +0 falchion; a +0 robe The wight hits you with a +2 great sword of freezing (13)!
You die...

#.>...##......#
#....##
###....#....###
#.....## ####
#........## ###....##
###... ###......#
#.....####.....
##...###
###.....#...).. #####
##### ##.........#.
###...######......####
##......#...###...## #
##.....@z)....###..# #
#.....#.........####
###...####...#......#
#....[# ######.....#
##....## ###..## ##
#....## #..# .#
#...### #### .##
#.....# ..## ##....#


You could see a wight.

Vanquished Creatures
  Menkaure (D:2)
  An ogre (D:3)
  A crocodile (D:2)
  2 big kobolds (D:2)
  4 wights
  3 orc priests (D:3)
  A hound (D:3)
  5 jellies (D:2)
  3 orc wizards
  A mummy (D:1)
  2 iguanas
  A worker ant (D:3)
  3 giant cockroaches (D:2)
  A bullfrog zombie (D:4)
  A porcupine skeleton (D:3)
  4 adders
  A gnoll (D:1)
  41 sewer rats (D:2)
  3 worms
  11 cinder newts
  5 oozes
  A howler monkey skeleton (D:3)
  2 dart slugs
  4 leopard geckos
  6 orcs (D:3)
  3 adder skeletons
  3 cinder newt skeletons (D:2)
  6 hobgoblins (D:1)
  2 jackals (D:3)
  2 ball pythons
  6 bats
  A bat skeleton (D:2)
  2 goblins (D:1)
  A hobgoblin zombie (D:1)
  13 kobolds
  3 kobold zombies (D:1)
  2 rats (D:1)
  A rat skeleton (D:2)
  3 withered plants (D:2)
156 creatures vanquished.

Vanquished Creatures (others)
  A giant cockroach (D:2)
  2 sewer rats (D:2)
  3 kobolds (D:2)
  A bat skeleton (D:2)
  5 slimeheads (D:2)
  107 withered plants (D:2)
119 creatures vanquished.

Grand Total: 275 creatures vanquished

Notes
Turn   | Place    | Note
-------+----------+-------------------------------------------
     0 | D:1      | diana the Oozomorph Transmuter began the quest for the Orb.
     0 | D:1      | Reached XP level 1. HP: 13/13 MP: 3/3
    20 | D:1      | Reached XP level 2. HP: 8/18 MP: 5/5
   163 | D:1      | Reached XP level 3. HP: 13/24 MP: 6/6
   724 | D:1      | Reached skill level 4 in Unarmed Combat
   724 | D:1      | Reached XP level 4. HP: 20/30 MP: 5/7
   889 | D:1      | Reached XP level 5. HP: 8/35 MP: 5/8
  1151 | D:2      | Reached skill level 5 in Unarmed Combat
  1157 | D:2      | Found a bloodstained altar of Trog.
  1312 | D:2      | Reached XP level 6. HP: 19/42 MP: 9/9
  1787 | D:2      | Noticed Menkaure
  1803 | D:2      | Killed Menkaure
  1803 | D:2      | Reached skill level 6 in Unarmed Combat
  1803 | D:2      | Reached XP level 7. HP: 27/48 MP: 10/10
  2271 | D:2      | Found a glowing silver altar of Zin.
  2453 | D:2      | Reached skill level 7 in Unarmed Combat
  2585 | D:2      | Reached skill level 5 in Fighting
  2784 | D:2      | Reached XP level 8. HP: 47/55 MP: 11/11
  3301 | D:3      | Reached skill level 8 in Unarmed Combat
  3358 | D:3      | Found a glowing golden altar of the Shining One.
  3787 | D:3      | Mangled by a wight

Levels and vault maps discovered:
D:1:      psy_arrival_statuary, layout_cave_pools, minmay_mini_ossuary
D:2:      layout_sewer, bcadren_lemuel_inverted_doored_altar, first_ration,
          trog_three_pillars_becter, uniq_menkaure
D:3:      layout_twisted_cavern, basic_altar
D:4:      layout_irregular_city, minmay_temple_entry_stoned_glass

Skill      XL: |  1  2  3  4  5  6  7  8 |
---------------+-------------------------+-----
Dodging        | 2 3 4 |  4.8
Fighting       | 2 3 4 5 6 |  6.1
Unarmed Combat | 4 5 6 7 8 |  8.5
Spellcasting   | |  2.0
Transmutations | |  2.6

Action                   |  1- 3 |  4- 6 |  7- 9 || total
-------------------------+-------+-------+-------++-------
Melee: Unarmed           |   185 |   358 |   969 ||  1512
       Headbutt          |     1 |     2 |     5 ||     8
       Kick              |       |     4 |    31 ||    35
 Cast: Beastly Appendage |     2 |     4 |     9 ||    15
 Abil: Subsume Item      |     2 |       |     1 ||     3
Evoke: Wand              |       |       |     3 ||     3
  Use: Potion            |       |       |     1 ||     1
 Stab: Sleeping          |     1 |       |       ||     1
  Eat: Chunk             |       |     4 |     8 ||    12
Armor: Skin              |    14 |    29 |   102 ||   145
Dodge: Dodged            |    48 |    94 |   455 ||   597
Block: Other             |       |     1 |     7 ||     8
